 Dungeon Crawl Stone Soup version 0.22-a0-803-gd6d8abe (webtiles) character file.

66 BaronVonScrub the Ruffian (level 4, -2/41 HPs)
             Began as a Hill Orc Monk on July 22, 2018.
             Slain by a gnoll
             ... wielding a +0 whip
              (6 damage)
             ... on level 4 of the Dungeon.
             The game lasted 00:03:20 (1838 turns).

BaronVonScrub the Ruffian (Hill Orc Monk)           Turns: 1838, Time: 00:03:21

Health: -2/41      AC:  2    Str: 14    XL:     4   Next: 15%
Magic:  4/4        EV: 13    Int: 10    God:
Gold:   47         SH:  0    Dex: 13    Spells: 3/3 levels left

rFire    . . .     SeeInvis .     - Unarmed
rCold    . . .     Gourm    .   (no shield)
rNeg     . . .     Faith    .   a - +0 robe
rPois    .         Spirit   .   (no helmet)
rElec    .         Reflect  .   (no cloak)
rCorr    .         Harm     .   (no gloves)
MR       .....                  (no boots)
Stlth    ++........             (no amulet)
HPRegen  0.13/turn              (no ring)
MPRegen  0.09/turn              (no ring)

@: no status effects
A: no striking features
a: no special abilities


You were on level 4 of the Dungeon.
You were very hungry.

You visited 1 branch of the dungeon, and saw 4 of its levels.

You collected 47 gold pieces.

Inventory:

Armour
 a - a +0 robe (worn)
Potions
 c - a potion of mutation {unknown}
 d - 2 potions of magic {unknown}
 e - 2 potions of curing
Comestibles
 b - 5 rations


   Skills:
 + Level 4.4 Fighting
 - Level 2.4 Dodging
 - Level 1.5 Stealth
 + Level 4.8 Unarmed Combat


You had 3 spell levels left.
You didn't know any spells.
Your spell library contained the following spells:

 Spells                   Type           Power        Failure   Level  Hunger
 Magic Dart               Conj           #...         36%         1    ##.....
 Conjure Flame            Conj/Fire      #.......     75%         3    ####...
 Slow                     Hex            #.......     50%         2    ###....
 Mephitic Cloud           Conj/Pois/Air  #.......     75%         3    ####...
 Blink                    Tloc           N/A          50%         2    ###....
 Call Imp                 Summ           #.......     50%         2    ###....


Dungeon Overview and Level Annotations

Branches:
Dungeon (4/15)
 Temple: D:4-7

Altars:
Cheibriados
Fedhas


Message History

There is a stone staircase leading up here.
You barely miss the gnoll.
The gnoll is heavily wounded.
The gnoll hits you with a whip.
* * * LOW HITPOINT WARNING * * *
You hit the gnoll but do no damage.
The gnoll is heavily wounded.
The gnoll hits you with a whip.
* * * LOW HITPOINT WARNING * * *
You hit the gnoll but do no damage. Your punch misses the gnoll.
The gnoll is heavily wounded.
You are feeling very hungry.
The gnoll closely misses you.
You hit the gnoll.
The gnoll is severely wounded.
The gnoll barely misses you.
You barely miss the gnoll.
The gnoll is severely wounded.
The gnoll hits you with a whip.
You die...

#### ## ....##
##. ... . #
...#...#.##.
#.#.#?.....
#####..g.......
......[@......=
########.#...##
.# ## .# .# ..
.. ..


You could see a gnoll.

Vanquished Creatures
  3 adders
  A dart slug (D:1)
  A worm (D:2)
  An orc (D:3)
  3 giant cockroaches (D:1)
  4 goblins
  A hobgoblin (D:1)
  8 kobolds
  7 bats
  4 frilled lizards
  4 rats
37 creatures vanquished.

Notes
Turn   | Place    | Note
-------+----------+-------------------------------------------
     0 | D:1      | BaronVonScrub the Hill Orc Monk began the quest for the Orb.
     0 | D:1      | Reached XP level 1. HP: 19/19 MP: 1/1
   113 | D:1      | Reached XP level 2. HP: 26/27 MP: 2/2
   189 | D:1      | Found a snail-covered altar of Cheibriados.
   837 | D:2      | Reached XP level 3. HP: 26/33 MP: 3/3
  1124 | D:2      | Found a blossoming altar of Fedhas.
  1755 | D:3      | Reached XP level 4. HP: 40/41 MP: 4/4
  1838 | D:4      | Slain by a gnoll

Vault maps used:
D:1:      lemuel_arrival_broad_hall, cheibriados_altar_1
D:2:      first_ration, fedhas_altar_4
D:3:      yredelemnul_altar_generic
D:4:      minmay_temple_entry_statues_fountains, uniq_duvessa

Skill      XL: |  1  2 |
---------------+-------+-----
Fighting       | 4 |  4.4
Unarmed Combat | 4 |  4.8
Dodging        | |  2.4
Stealth        | |  1.5

Action                   |  1- 3 |  4- 6 || total
-------------------------+-------+-------++-------
Melee: Unarmed           |   139 |    15 ||   154
       Punch             |     1 |       ||     1
  Use: Potion            |     3 |       ||     3
       Scroll            |     2 |       ||     2
 Stab: Sleeping          |     5 |       ||     5
  Eat: Chunk             |     2 |       ||     2
Armor: Robe              |    13 |     1 ||    14
Dodge: Dodged            |    90 |    12 ||   102

Table legend:
 A = Spawn XP
 B = Non-spawn XP
 C = Spawn XP percentage of total XP
 D = Spawn monster count
 E = Non-spawn monster count
 F = Spawn count percentage of total count
 G = Total turns spent on level
                    A         B        C        D         E        F      G
               +---------+---------+-------+---------+---------+-------+---------
         Total |       0 |      95 |   0.0 |       0 |      37 |   0.0 |  1838
               +---------+---------+-------+---------+---------+-------+---------
           D:1 |       0 |      30 |   0.0 |       0 |      20 |   0.0 |   807
           D:2 |       0 |      31 |   0.0 |       0 |      10 |   0.0 |   600
           D:3 |       0 |      34 |   0.0 |       0 |       7 |   0.0 |   426
               +---------+---------+-------+---------+---------+-------+---------
